 Dungeon Crawl Stone Soup version 0.26.1-11-gd32895ea62 (webtiles) character file.

Game seed: 1986835230351068864

67 Zeld the Sneak (level 4, -2/29 HPs)
             Began as an Octopode Brigand on May 23, 2021.
             Slain by a gnoll
             ... wielding a +0 flail
              (6 damage)
             ... on level 2 of the Dungeon.
             The game lasted 00:01:17 (1232 turns).

Zeld the Sneak (Octopode Brigand)                   Turns: 1232, Time: 00:01:18

Health: -2/29      AC:  1    Str: 11    XL:     4   Next: 16%
Magic:  4/4        EV: 13    Int: 13    God:
Gold:   31         SH:  0    Dex: 13    Spells: 3/3 levels left

rFire    . . .     SeeInvis .   a - +2 dagger
rCold    . . .     Faith    .   (no shield)
rNeg     . . .     Spirit   .   (helmet restricted)
rPois    .         Reflect  .   (no amulet)
rElec    .         Harm     .   (no ring)
rCorr    .         Rampage  .   (no ring)
Will     .....                  (no ring)
Stlth    ++++......             (no ring)
HPRegen  0.09/turn              (no ring)
MPRegen  0.09/turn              (no ring)
                                (no ring)
                                (no ring)

@: no status effects
A: almost no armour, stealthy swim, amphibious, 8 rings, constrict 8, camouflage
1, gelatinous body 1
a: no special abilities


You were on level 2 of the Dungeon.
You visited 1 branch of the dungeon, and saw 2 of its levels.

You collected 31 gold pieces.

Inventory:

Hand Weapons
 a - a +2 dagger (weapon)
 d - a +1 dagger of speed
Missiles
 b - 30 poisoned darts (quivered)
 c - 2 curare-tipped darts
Scrolls
 f - a scroll of teleportation {unknown}
 g - a scroll of identify {unknown}
 h - a scroll of fog {unknown}
Potions
 e - a potion of flight {unknown}


   Skills:
 - Level 2.0 Fighting
 * Level 3.3 Short Blades
 * Level 3.3 Throwing
 - Level 1.0 Dodging
 - Level 5.3 Stealth


You had 3 spell levels left.
You didn't know any spells.
Your spell library was empty.

Dungeon Overview and Level Annotations

Branches:
Dungeon (2/15)

Altars:


Innate Abilities, Weirdness & Mutations

You cannot wear most types of armour.
You are very stealthy in the water. (Stealth+)
You are amphibious.
You can wear up to eight rings at the same time.
You can use your tentacles to constrict eight enemies at once.
Your skin changes colour to match your surroundings (Stealth+).
Your rubbery body absorbs attacks. (AC +1, EV +1)


Message History

The gnoll is moderately wounded.
The gnoll hits you with a +0 flail.
You are too injured to fight recklessly!
You barely miss the gnoll. You grab the gnoll. You squeeze the gnoll.
The gnoll is severely wounded.
You constrict the gnoll.
You release your grip on the gnoll.
You closely miss the gnoll. Your grab misses the gnoll.
The gnoll is severely wounded.
The gnoll hits you with a +0 flail!
* * * LOW HITPOINT WARNING * * *
An adder comes into view.
There is a stone staircase leading up here.
You barely miss the gnoll. You grab the gnoll.
You squeeze the gnoll, but do no damage.
The gnoll is severely wounded.
You constrict the gnoll, but do no damage.
The adder hisses angrily.
The gnoll hits you with a +0 flail.
You die...

.# # #.# ## .# #.# ...
#.###.### .#.
#......###### ...
#......##...# #.##
##........@..#
#.###.#.....#g...###
##...##....g.)...S...
##.###.............#
#.# #.#.#.........#
#####.###.#.###....####
.......#....# ##...#
.........#.g# #...#
...>...#(.[.## #.##


You could see 2 gnolls and an adder.

Vanquished Creatures
  An iguana (D:2)
  2 gnolls (D:2)
  3 bats (D:1)
  A giant cockroach (D:1)
  2 goblins
  4 hobgoblins (D:1)
  2 jackals (D:1)
  2 kobolds (D:1)
  2 frilled lizards (D:1)
  3 rats
22 creatures vanquished.

Notes
Turn   | Place    | Note
-------+----------+-------------------------------------------
     0 | D:1      | Zeld the Octopode Brigand began the quest for the Orb.
     0 | D:1      | Reached XP level 1. HP: 14/14 MP: 1/1
   121 | D:1      | Reached XP level 2. HP: 7/19 MP: 2/2
  1116 | D:2      | Reached XP level 3. HP: 20/24 MP: 3/3
  1184 | D:2      | Reached XP level 4. HP: 17/29 MP: 4/4
  1205 | D:2      | HP: 1/29 [gnoll/+0 flail (9)]
  1232 | D:2      | Slain by a gnoll

Illustrated notes

Levels and vault maps discovered:
D:1:      dpeg_arrival_more_subterranean_lakeside_camping, layout_rooms
D:2:      layout_loops_ring, vehumet_crystals

Skill      XL: |  1  2 |
---------------+-------+-----
Short Blades   | 3 |  3.3
Throwing       | 3 |  3.3
Fighting       | |  2.0
Dodging        | |  1.0
Stealth        | |  5.3

Action                   |  1- 3 |  4- 6 || total
-------------------------+-------+-------++-------
Melee: Dagger            |    62 |     9 ||    71
       Constrict         |    17 |     3 ||    20
       Tentacles         |    11 |     2 ||    13
 Stab: Sleeping          |     3 |       ||     3
Armor: Skin              |     3 |       ||     3
Dodge: Dodged            |    42 |     1 ||    43
